[Event "Portuguese-ch U14-20 2022"]
[Site "Fatima"]
[Date "2022.04.11"]
[Round "3.19"]
[White "Monteiro, Simao Costa"]
[Black "Rodrigues, Jose Pedro Da Costa"]
[Result "1-0"]
[ECO "B12"]
[WhiteElo "1346"]
[BlackElo "1533"]
[Annotator "NA RC"]
[PlyCount "127"]
[EventDate "2022.04.10"]
[EventType "swiss"]
[EventCountry "POR"]
[SourceTitle "playchess.com"]
[Source "ChessBase"]
[SourceQuality "1"]
[TimeControl "5400+30"]

1. e4 c6 2. d4 d5 3. e5 Bf5 4. f4 e6 5. Nf3 h6 6. Bd3 Bxd3 7. Qxd3 Qa5+ 8. c3 Qa6 9. Qc2 Ne7 10. Be3 Nd7 11. b4 Rc8 12. Nbd2 b6 13. a4 c5 14. b5 Qb7 15. Qd3 Nf5 16. O-O Be7 17. Bf2 h5 18. h3 h4 19. Nh2 O-O 20. Ng4 Rc7 21. Ne3 Nxe3 22. Bxe3 f5 23. Bf2 Kf7 24. Qe2 Rh8 25. Nf3 Nf8 26. Ra2 Ng6 27. Be3 Rhc8 28. Bd2 cxd4 29. Nxd4 Bc5 30. Qd3 Rg8 31. Kh2 Bxd4 32. Qxd4 Nf8 33. Qf2 Rh8 34. g3 hxg3+ 35. Qxg3 Nd7 36. Rg1 Rg8 37. Qg6+ Ke7 38. Qh7 Kf7 39. Qg6+ Ke7 40. Be1 Nc5 41. Bh4+ Kf8 42. Rag2 Rh8 43. Bf6 Rg8 44. Qh7 Nd3 45. Bxg7+ Rcxg7 46. Rxg7 Qxg7 47. Rxg7 Rxg7 48. Qh8+ Kf7 49. Qh6 Rg6 50. Qh4 Nc5 51. Qd8 Rg7 52. Qf6+ Kg8 53. h4 Rf7 54. Qd8+ Kh7 55. Qd6 Rg7 56. a5 Rb7 57. h5 Kh6 58. Qc6 Kxh5 59. a6 Rh7 60. Kg2 Kg4 61. Qe8 Kxf4 62. Qg6 Rh4 63. Qg3+ Ke4 64. Qxh4+ 1-0

[Event "Portuguese-ch U14-20 2022"]
[Site "Fatima"]
[Date "2022.04.11"]
[Round "3.20"]
[White "Ferreira, Tiago Filipe Quiteri"]
[Black "Oliveira, Maria Elisa Ramos Ma"]
[Result "0-1"]
[ECO "A45"]
[WhiteElo "1699"]
[BlackElo "1316"]
[Annotator "NA RC"]
[PlyCount "58"]
[EventDate "2022.04.10"]
[EventType "swiss"]
[EventCountry "POR"]
[SourceTitle "playchess.com"]
[Source "ChessBase"]
[SourceQuality "1"]
[TimeControl "5400+30"]

1. d4 Nf6 2. Bf4 e6 3. e3 b6 4. Bd3 Bb7 5. Nf3 d6 6. Nbd2 Be7 7. c3 Nbd7 8. O-O O-O 9. Qc2 Re8 10. Rfe1 h6 11. Qd1 c5 12. a4 Qc7 13. e4 Nh5 14. Be3 Nhf6 15. e5 dxe5 16. dxe5 Nd5 17. a5 Red8 18. Ra4 Nf8 19. a6 Bc6 20. Rg4 Nxe3 21. Rxe3 b5 22. Be4 Rd7 23. Qc2 Rad8 24. Bxc6 Qxc6 25. Ne4 Ng6 26. Nf6+ Bxf6 27. exf6 gxf6 28. Qe4 Qxe4 29. Rexe4 f5 0-1

[Event "Portuguese-ch U14-20 2022"]
[Site "Fatima"]
[Date "2022.04.11"]
[Round "3.22"]
[White "Ribeiro, Gustavo"]
[Black "Sarabando, Rodrigo Andias"]
[Result "1-0"]
[ECO "A16"]
[WhiteElo "1860"]
[BlackElo "1897"]
[Annotator "NA RC"]
[PlyCount "69"]
[EventDate "2022.04.10"]
[EventType "swiss"]
[EventCountry "POR"]
[SourceTitle "playchess.com"]
[Source "ChessBase"]
[SourceQuality "1"]
[TimeControl "5400+30"]

1. c4 Nf6 2. Nc3 g6 3. e4 d6 4. g3 Bg7 5. Bg2 O-O 6. Nge2 Nc6 7. O-O e5 8. d3 Nd7 9. f4 f5 {[%emt 0:05:23] 9...f5 is better than 9...exf4.} 10. Rb1 Nf6 {[%emt 0:02:06] [#]} 11. fxe5 $146 ({Predecessor:} 11. b4 Be6 12. Nd5 Ne7 13. Nec3 c6 14. fxe5 dxe5 15. Nxf6+ Bxf6 16. Be3 f4 {0-1 (16) Hajsman,M (1637)-Cerdo Fernandez,M (1861) Calvia 2019}) 11... dxe5 12. Nd5 Nxd5 13. cxd5 Nd4 14. Nxd4 exd4 15. Qc2 Bd7 16. Bf4 c6 17. Qb3 Kh8 18. Qxb7 cxd5 19. Qxd5 Re8 20. exf5 Rc8 21. fxg6 hxg6 (21... Bg4 $142 22. Qxd8 Rcxd8) 22. Bg5 Qc7 23. Rbc1 Qe5 24. Qxd7 Rxc1 $18 25. Bxc1 Re7 26. Qh3+ Kg8 27. Be4 Qd6 28. Bh6 Rc7 29. Bf4 Be5 30. Bxe5 Qxe5 31. Qg4 Rg7 32. Qc8+ Kh7 33. Rf8 Rc7 34. Qh3+ Kg7 35. Qh8# 1-0

[Event "Portuguese-ch U14-20 2022"]
[Site "Fatima"]
[Date "2022.04.11"]
[Round "3.23"]
[White "Veleirinho, Tomas Carvalho"]
[Black "Guia, Artur Solovyov Eloy"]
[Result "0-1"]
[ECO "C55"]
[WhiteElo "1641"]
[BlackElo "1932"]
[Annotator "RC"]
[PlyCount "126"]
[EventDate "2022.04.10"]
[EventType "swiss"]
[EventCountry "POR"]
[SourceTitle "playchess.com"]
[Source "ChessBase"]
[SourceQuality "1"]
[TimeControl "5400+30"]

1. e4 e5 2. Nf3 Nc6 3. Bc4 Nf6 4. d3 Be7 5. O-O d6 6. c3 O-O 7. Nbd2 Na5 8. Bb5 a6 9. Ba4 b5 10. Bc2 c5 11. h3 h6 12. Re1 Re8 13. d4 Qc7 14. Nf1 Nc4 15. b3 Nb6 16. Be3 Bf8 17. d5 g6 18. Ng3 Bg7 19. Qd2 Kh7 20. Qe2 Bd7 21. Nh2 Rac8 22. Ng4 Nxg4 23. hxg4 Qd8 24. f3 Qc7 25. Kf2 f6 26. Rh1 g5 27. Nh5 Rh8 28. Nxg7 Kxg7 29. Rac1 a5 30. a3 Ra8 31. Ra1 Rhc8 32. Rhc1 Rh8 33. Rh1 Rh7 34. g3 Rah8 35. Kg2 Qc8 36. Bd3 Qe8 37. Rh5 Na8 38. b4 c4 39. Bc2 Qd8 40. Qf2 Be8 41. Rh2 Kg8 42. Rhh1 Rb7 43. Rh2 Bg6 44. Rhh1 Kg7 45. Qg1 Qc7 46. Qf2 Rbb8 47. Qg1 Nb6 48. Bxb6 Rxb6 49. Qb1 Ra6 50. Qg1 Qb7 51. Qh2 Qa8 52. Qg1 Rh7 53. bxa5 Rxa5 54. Qb6 Rxa3 55. Rab1 Rxc3 56. Rhc1 Qa2 57. Qf2 Be8 58. Ra1 Qb2 59. Ra7+ Kg8 60. Raa1 Rb7 61. f4 gxf4 62. gxf4 Rg7 63. Bd1 Qxf2+ 0-1

[Event "Portuguese-ch U14-20 2022"]
[Site "Fatima"]
[Date "2022.04.11"]
[Round "3.24"]
[White "Goncalves, Ruan Lucas Alves"]
[Black "Paiva, Rodrigo Garcia"]
[Result "0-1"]
[ECO "B01"]
[WhiteElo "1963"]
[BlackElo "1667"]
[Annotator "RC"]
[PlyCount "42"]
[EventDate "2022.04.10"]
[EventType "swiss"]
[EventCountry "POR"]
[SourceTitle "playchess.com"]
[Source "ChessBase"]
[SourceQuality "1"]
[TimeControl "5400+30"]

1. e4 d5 2. exd5 Nf6 3. Nc3 Nxd5 4. Nxd5 Qxd5 5. Nf3 Bg4 6. Be2 Nc6 7. d4 O-O-O 8. c3 e5 9. Be3 exd4 10. Bxd4 Bxf3 11. Bxf3 Qe6+ 12. Kf1 Nxd4 13. cxd4 Qc4+ 14. Be2 Qxd4 15. Qb3 Bc5 16. Qf3 Kb8 17. g3 Qd5 18. Kg2 Qxf3+ 19. Kxf3 Rd6 20. Kg4 Rd2 21. Bc4 Rd4+ 0-1

[Event "Portuguese-ch U14-20 2022"]
[Site "Fatima"]
[Date "2022.04.11"]
[Round "3.25"]
[White "Basilio, Rodrigo"]
[Black "Nalivaiko, Maksim"]
[Result "1-0"]
[ECO "C54"]
[WhiteElo "1941"]
[BlackElo "1439"]
[Annotator "NA RC"]
[PlyCount "120"]
[EventDate "2022.04.10"]
[EventType "swiss"]
[EventCountry "POR"]
[SourceTitle "playchess.com"]
[Source "ChessBase"]
[SourceQuality "1"]
[TimeControl "5400+30"]

1. e4 e5 2. Nf3 Nc6 3. Bc4 Bc5 4. c3 Nf6 5. d3 O-O 6. O-O d6 7. h3 Be6 8. Bb3 h6 9. Re1 b5 10. Bc2 Qd7 11. d4 exd4 12. cxd4 Bb4 13. d5 Bxe1 14. dxc6 Bxf2+ $1 15. Kxf2 Qxc6 16. Nd4 Qb7 17. Qf3 c5 18. Ne2 d5 19. Ng3 Rad8 20. Bxh6 Nxe4+ 21. Bxe4 (21. Nxe4 $11 dxe4 22. Bxe4) 21... dxe4 $17 ({Much weaker is} 21... gxh6 $6 22. Nh5 (22. Bf5 Qe7 $11) 22... f5 23. Qg3+ Kh7 24. Bf3 $14) 22. Nxe4 Qe7 23. Nbc3 Qh4+ 24. Kg1 Qxh6 25. Nxc5 Qg5 26. N3e4 Qg6 27. Qf2 Bxh3 28. Rf1 Be6 29. Qh4 Bd5 30. Rf4 Qh6 31. Nf6+ Kh8 32. Qg3 Qxf6 33. Rxf6 gxf6 34. Qh3+ Kg7 35. Qg4+ Kh7 36. Nd7 Rh8 37. Nxf6+ Kh6 38. Qh5+ Kg7 39. Qg5+ Kf8 40. Nxd5 Rd7 41. Qf5 Rd6 42. Qe5 Rhh6 43. Ne3 Rde6 44. Qb8+ Kg7 45. Nf5+ Kh7 46. Nxh6 Rxh6 47. Qxa7 Rf6 48. Qb7 Kg7 49. Qxb5 Re6 50. a4 f5 51. Qxf5 Rf6 52. Qxf6+ Kxf6 53. a5 Ke5 54. a6 Kd4 55. a7 Ke3 56. a8=Q Ke2 57. b4 Kd3 58. b5 Kc4 59. b6 Kc5 60. b7 Kb6 1-0

[Event "Portuguese-ch U14-20 2022"]
[Site "Fatima"]
[Date "2022.04.11"]
[Round "3.26"]
[White "Bartolo, Filipe Diogo Correia"]
[Black "Pacetti Terra, Nicolas"]
[Result "1-0"]
[ECO "A08"]
[WhiteElo "1869"]
[BlackElo "1756"]
[Annotator "NA RC"]
[PlyCount "69"]
[EventDate "2022.04.10"]
[EventType "swiss"]
[EventCountry "POR"]
[SourceTitle "playchess.com"]
[Source "ChessBase"]
[SourceQuality "1"]
[TimeControl "5400+30"]

1. Nf3 Nf6 2. g3 d5 3. Bg2 e6 4. O-O c5 5. d3 Be7 6. Nbd2 Nc6 7. e4 O-O 8. Re1 b5 9. e5 Nd7 10. Nf1 a5 11. h4 a4 12. N1h2 a3 13. b3 Bb7 14. Bf4 Qb6 15. Ng5 h6 (15... Bxg5 $5 16. hxg5 Rab8 $15) 16. Qh5 hxg5 17. hxg5 Rfc8 18. Ng4 Qd8 {[%emt 0:04:38] [#]} 19. Bf3 $11 ({But not} 19. g6 $6 fxg6 20. Qxg6 Nf8 21. Nh6+ Kh8 22. Nf7+ Kg8 23. Nh6+ (23. Nxd8 Nxg6 24. Nxb7 Nd4 $11) (23. Qh5 $2 Qe8 $19) 23... Kh8 24. Nf7+ Kg8 25. Nh6+ $11) (19. Bxd5 $1 $16 g6 (19... Nf8 20. Be4) 20. Nh6+ Kg7 21. Nf5+ Kg8 22. Nh6+ Kg7 23. Nf5+ Kg8 24. Nh6+) 19... g6 20. Qh4 Nd4 21. Kg2 Nf5 22. Qh3 Kg7 23. Nf6 Nxf6 24. gxf6+ Bxf6 25. exf6+ Kxf6 26. g4 Nd6 27. Qh4+ Kg7 28. Qh6+ Kg8 29. Rh1 Qf6 30. Qh7+ Kf8 31. Bxd6+ Ke8 32. Qh8+ Qxh8 33. Rxh8+ Kd7 34. Rxc8 Rxc8 35. Be5 1-0

[Event "Portuguese-ch U14-20 2022"]
[Site "Fatima"]
[Date "2022.04.11"]
[Round "3.27"]
[White "Korotkyi, Daniyil"]
[Black "Almeida, Joao Pedro Dias"]
[Result "1/2-1/2"]
[ECO "C50"]
[WhiteElo "1726"]
[BlackElo "1508"]
[Annotator "NA RC"]
[PlyCount "107"]
[EventDate "2022.04.10"]
[EventType "swiss"]
[EventCountry "POR"]
[SourceTitle "playchess.com"]
[Source "ChessBase"]
[SourceQuality "1"]
[TimeControl "5400+30"]

1. e4 e5 2. Nf3 Nc6 3. Bc4 Bc5 4. O-O Nf6 5. Nc3 O-O 6. d3 h6 7. a3 d6 8. h3 a5 9. Bd2 Be6 10. Re1 Ne7 11. Qe2 c6 12. a4 Qd7 13. Kh2 Nh7 14. Be3 Bxe3 15. Qxe3 d5 16. exd5 cxd5 17. Bb5 Nc6 18. Bxc6 bxc6 19. Qxe5 Rfe8 20. Qg3 Nf6 21. Nd4 c5 22. Nxe6 Rxe6 23. Rxe6 Qxe6 24. Qf3 Rb8 25. Rb1 d4 26. Ne4 Nxe4 27. Qxe4 Qa2 28. Qe5 Qxb1 29. Qxb8+ Kh7 30. Qb3 Qc1 31. g3 f6 32. Kg2 h5 33. Qc4 Qg5 34. Qe6 f5 35. Qe2 h4 36. g4 g6 37. Qe6 Qd2 38. Qe7+ Kg8 39. gxf5 gxf5 40. Qxh4 Qxc2 41. Qg5+ Kh8 42. Qh6+ Kg8 43. Qg6+ Kh8 44. Qe8+ Kg7 45. Qb5 Qc1 46. Qxa5 Qg5+ 47. Kf1 Qc1+ 48. Qe1 Qxb2 49. Qe7+ Kg6 50. Qxc5 Qb1+ 51. Ke2 Qa2+ 52. Kf1 Qb1+ 53. Ke2 Qa2+ 54. Kf1 1/2-1/2

[Event "Portuguese-ch U14-20 2022"]
[Site "Fatima"]
[Date "2022.04.11"]
[Round "3.28"]
[White "Camacho, Filipa Fernandes Bri"]
[Black "Coelho, Goncalo Cavaz"]
[Result "0-1"]
[ECO "E10"]
[WhiteElo "1467"]
[BlackElo "1680"]
[Annotator "NA RC"]
[PlyCount "104"]
[EventDate "2022.04.10"]
[EventType "swiss"]
[EventCountry "POR"]
[SourceTitle "playchess.com"]
[Source "ChessBase"]
[SourceQuality "1"]
[TimeControl "5400+30"]

1. c4 e6 2. d4 Nf6 3. Nf3 d5 4. e3 Bb4+ 5. Bd2 Bd6 6. Bd3 O-O 7. O-O c5 8. Nc3 Nc6 9. cxd5 exd5 10. dxc5 Bxc5 11. Ne2 Ne4 12. a3 Bg4 13. Ne1 Qe7 14. Qc2 Ne5 15. Nc3 Nxd2 16. Nxd5 Qd6 17. Qxd2 Nxd3 18. Qxd3 Rad8 19. Nf4 Qxd3 20. Nexd3 Bb6 21. Ne5 Bf5 22. Nc4 Bc7 23. a4 Bxf4 24. exf4 Rd4 25. Ne3 Rxf4 26. Nxf5 Rxf5 27. g4 Rf4 28. f3 h5 29. gxh5 Rd8 30. Kg2 Rd2+ 31. Rf2 Rxf2+ 32. Kxf2 Rb4 33. Ra2 a5 34. Kg3 Kh7 35. f4 f5 36. Kf3 Kh6 37. Ra1 Rb3+ 38. Kf2 Rxb2+ 39. Ke3 Rb4 40. Rg1 Rxa4 41. Rg6+ Kh7 42. Rg5 Rb4 43. Rxf5 b5 44. Kd3 a4 45. Rf7 a3 46. Kc2 a2 47. Ra7 Rxf4 48. Kb3 Ra4 49. Rxa4 bxa4+ 50. Kxa2 Kh6 51. Ka3 Kxh5 52. Kxa4 Kh4 0-1

[Event "Portuguese-ch U14-20 2022"]
[Site "Fatima"]
[Date "2022.04.11"]
[Round "3.29"]
[White "Marques Serra, David"]
[Black "Torres Rodero, Francisco"]
[Result "1/2-1/2"]
[ECO "D02"]
[WhiteElo "1734"]
[BlackElo "2048"]
[Annotator "NA RC"]
[PlyCount "62"]
[EventDate "2022.04.10"]
[EventType "swiss"]
[EventCountry "POR"]
[SourceTitle "playchess.com"]
[Source "ChessBase"]
[SourceQuality "1"]
[TimeControl "5400+30"]

1. d4 Nf6 2. Bf4 d5 3. Nf3 e6 4. e3 c5 5. c3 Bd6 6. Bg3 Nc6 7. Ne5 Qc7 8. f4 cxd4 9. exd4 Ne4 10. Nd2 Nxg3 11. hxg3 Nxe5 12. fxe5 Be7 13. Qg4 g6 14. Bd3 Bf8 15. Qf4 Bg7 16. g4 f6 17. Nf3 fxe5 18. dxe5 Qf7 19. Bb5+ Kf8 20. Qxf7+ Kxf7 21. O-O Ke7 22. Rae1 Bd7 23. Bxd7 Kxd7 24. Re2 Rhf8 25. g3 Rac8 26. Rd2 Rc4 27. Rd4 Rxd4 28. cxd4 Rc8 $11 29. Kg2 h6 30. Ne1 Ke7 31. Nf3 g5 1/2-1/2

[Event "Portuguese-ch U14-20 2022"]
[Site "Fatima"]
[Date "2022.04.11"]
[Round "3.30"]
[White "Mourao, Martim Oliveira"]
[Black "Afonso, Joao Pedro"]
[Result "0-1"]
[ECO "B17"]
[WhiteElo "1110"]
[BlackElo "1501"]
[Annotator "NA RC"]
[PlyCount "50"]
[EventDate "2022.04.10"]
[EventType "swiss"]
[EventCountry "POR"]
[SourceTitle "playchess.com"]
[Source "ChessBase"]
[SourceQuality "1"]
[TimeControl "5400+30"]

1. e4 c6 2. d4 d5 3. Nc3 dxe4 4. Nxe4 Nd7 5. Nf3 Ngf6 6. Nxf6+ Nxf6 7. Be2 Bf5 8. c3 e6 9. Bf4 Bd6 10. Bxd6 Qxd6 11. O-O O-O 12. Re1 Rfd8 13. h3 c5 14. dxc5 Qxc5 15. Qb3 Ne4 16. Nd4 Nxf2 17. Kxf2 e5 18. Rad1 exd4 19. Kf1 d3 20. Bf3 d2 21. Re8+ Rxe8 22. Rxd2 Rad8 23. Rxd8 Rxd8 24. Qxb7 Bd3+ 25. Ke1 Qe3+ 0-1

[Event "Portuguese-ch U14-20 2022"]
[Site "Fatima"]
[Date "2022.04.11"]
[Round "3.31"]
[White "De Medeiros, Sara Soares"]
[Black "Lachever, Diogo Freire"]
[Result "1-0"]
[ECO "E98"]
[WhiteElo "1828"]
[BlackElo "1182"]
[Annotator "NA RC"]
[PlyCount "78"]
[EventDate "2022.04.10"]
[EventType "swiss"]
[EventCountry "POR"]
[SourceTitle "playchess.com"]
[Source "ChessBase"]
[SourceQuality "1"]
[TimeControl "5400+30"]

1. d4 Nf6 2. c4 g6 3. Nc3 Bg7 4. e4 d6 5. Nf3 Nc6 6. Be2 O-O 7. O-O e5 8. d5 Ne7 9. Ne1 Ne8 10. Be3 f5 11. f3 f4 12. Bf2 Nf6 13. Rc1 g5 14. c5 h5 15. cxd6 cxd6 16. Nb5 Ne8 17. Nxa7 Bd7 18. Qb3 g4 (18... Kh8 $142 19. Nd3 (19. Qxb7 Rb8 $18) 19... Qb8) 19. fxg4 hxg4 20. Bb6 Qb8 21. Bb5 Bxb5 ({Better is} 21... Nf6 $14) 22. Nxb5 Bh6 23. Rc2 Nc8 24. Bf2 (24. Bc7 $18 Nxc7 25. Nxc7 (25. Rxc7 Na7 $14)) 24... Ne7 25. a3 Qd8 26. Nc3 Ng6 27. Na4 Qg5 28. Nb6 Rd8 29. Nc4 Nf6 30. Nd2 Rd7 $17 31. h3 f3 32. hxg4 fxg2 33. Nxg2 Nxg4 34. Qh3 Rdf7 35. Nb3 Rf3 36. Qh1 Rxb3 37. Rc3 Rxc3 38. bxc3 Nxf2 39. Rxf2 Qc1+ 1-0

[Event "Portuguese-ch U14-20 2022"]
[Site "Fatima"]
[Date "2022.04.12"]
[Round "4.1"]
[White "Martins, Bruno Andre Leite"]
[Black "Machado, Tomas Dias"]
[Result "1-0"]
[ECO "A45"]
[WhiteElo "2323"]
[BlackElo "2030"]
[Annotator "RC"]
[PlyCount "77"]
[EventDate "2022.04.10"]
[EventType "swiss"]
[EventCountry "POR"]
[SourceTitle "playchess.com"]
[Source "ChessBase"]
[SourceQuality "1"]
[TimeControl "5400+30"]

1. d4 Nf6 2. Bf4 d5 3. e3 e6 4. Nd2 Be7 5. Bd3 c5 6. c3 Nc6 7. Ngf3 O-O 8. Qe2 c4 9. Bc2 b5 10. a3 a5 11. e4 dxe4 12. Nxe4 Nd5 13. Ned2 Nf6 14. Ne4 Nd5 15. Bd2 f6 16. O-O Qc7 17. Ng3 Bd7 18. a4 Rfb8 19. Rfb1 Na7 20. Qe4 g6 21. axb5 Nxb5 22. h4 Bd6 23. Nf1 f5 24. Qe2 Nf4 25. Bxf4 Bxf4 26. Ne5 Bxe5 27. dxe5 Qc5 28. Nd2 Rc8 29. Ra4 Nxc3 30. bxc3 Bxa4 31. Bxa4 Rc7 32. Nf3 Qa3 33. Qc2 h6 34. Nd4 Re7 35. Rb5 Qa1+ 36. Kh2 Qf1 37. Qd2 g5 38. Bc2 a4 39. Rb1 1-0

[Event "Portuguese-ch U14-20 2022"]
[Site "Fatima"]
[Date "2022.04.12"]
[Round "4.2"]
[White "Monteiro, Paulo Alexandre G"]
[Black "Santos, Jose Miguel Sereno"]
[Result "1/2-1/2"]
[ECO "A46"]
[WhiteElo "2032"]
[BlackElo "1843"]
[Annotator "RC"]
[PlyCount "55"]
[EventDate "2022.04.10"]
[EventType "swiss"]
[EventCountry "POR"]
[SourceTitle "playchess.com"]
[Source "ChessBase"]
[SourceQuality "1"]
[TimeControl "5400+30"]

1. d4 Nf6 2. Nf3 c5 3. g3 cxd4 4. Nxd4 d5 5. Bg2 Nc6 6. O-O e6 7. c4 Bc5 8. Nxc6 bxc6 9. Qc2 Qe7 10. Nc3 O-O 11. b3 Ba6 12. Rd1 Rfd8 13. Na4 dxc4 14. Rxd8+ Rxd8 15. Nxc5 Qxc5 16. Be3 Qb5 17. bxc4 Qxc4 18. Qxc4 Bxc4 19. Bxa7 Ra8 20. Bd4 Rxa2 21. Rxa2 Bxa2 22. Bxc6 Nd5 23. f3 Ne7 24. Bb5 f5 25. Kf2 Kf7 26. h4 Bd5 27. Bd3 h6 28. Bb2 1/2-1/2

[Event "Portuguese-ch U14-20 2022"]
[Site "Fatima"]
[Date "2022.04.12"]
[Round "4.3"]
[White "Gage, Daniel"]
[Black "Ribeiro, Orlando"]
[Result "0-1"]
[ECO "C41"]
[WhiteElo "1752"]
[BlackElo "1945"]
[Annotator "RC"]
[PlyCount "96"]
[EventDate "2022.04.10"]
[EventType "swiss"]
[EventCountry "POR"]
[SourceTitle "playchess.com"]
[Source "ChessBase"]
[SourceQuality "1"]
[TimeControl "5400+30"]

1. e4 d6 2. d4 Nf6 3. Nc3 e5 4. Nf3 Nbd7 5. Bc4 Be7 6. Bxf7+ Kxf7 7. Ng5+ Kg6 8. Qf3 Nf8 9. h4 h5 10. Qg3 Bg4 11. f3 Qd7 12. dxe5 dxe5 13. fxg4 Qxg4 14. Qxe5 Bd6 15. Qf5+ Qxf5 16. exf5+ Kxf5 17. O-O+ Kg6 18. Nce4 Be5 19. c3 Re8 20. Bf4 N8d7 21. Bxe5 Nxe5 22. Nxf6 gxf6 23. Ne4 Re6 24. Rad1 Nc4 25. Nc5 Rc6 26. Nxb7 Ne3 27. Rd3 Nxf1 28. Kxf1 Rb8 29. Na5 Ra6 30. b4 Rd6 31. Rg3+ Kf7 32. Ke2 Re8+ 33. Re3 Rxe3+ 34. Kxe3 Ke6 35. Ke2 Kf5 36. Nb3 Ra6 37. Nc1 Kg4 38. Kf2 Kxh4 39. b5 Ra3 40. c4 Rc3 41. Ne2 Rxc4 42. g3+ Kg4 43. Ke3 Rc2 44. a4 Rxe2+ 45. Kxe2 Kxg3 46. Kd3 h4 47. a5 h3 48. Kc4 h2 0-1

[Event "Portuguese-ch U14-20 2022"]
[Site "Fatima"]
[Date "2022.04.12"]
[Round "4.4"]
[White "Paiva, Manuel Maria Fonseca"]
[Black "Oliveira, Beatriz Correia"]
[Result "0-1"]
[ECO "B01"]
[WhiteElo "1370"]
[BlackElo "1558"]
[Annotator "NA RC"]
[PlyCount "58"]
[EventDate "2022.04.10"]
[EventType "swiss"]
[EventCountry "POR"]
[SourceTitle "playchess.com"]
[Source "ChessBase"]
[SourceQuality "1"]
[TimeControl "5400+30"]

1. e4 d5 2. exd5 Qxd5 3. Nf3 Nf6 4. Nc3 Qa5 5. a3 c6 6. Bc4 Bf5 7. O-O e6 8. b4 Qc7 9. Bb2 Nbd7 10. Ne2 h6 11. Ng3 Bh7 12. Re1 Bd6 13. d4 O-O 14. Ne5 Rfd8 15. Qe2 Bxe5 16. dxe5 Nd5 17. Nh5 Bg6 18. Qg4 N7b6 19. Bb3 c5 20. c4 Bxh5 21. Qxh5 Nf4 22. Qh4 Nd3 23. bxc5 Nxe1 24. Rxe1 Qxc5 25. Bc1 Qd4 26. Qg3 Qd3 27. Qg4 Rd4 28. Re3 Qxe3 29. fxe3 Rxg4 0-1

[Event "Portuguese-ch U14-20 2022"]
[Site "Fatima"]
[Date "2022.04.12"]
[Round "4.5"]
[White "Voges, Guilherme"]
[Black "Leao, Tiago Miguel Da Silv"]
[Result "0-1"]
[ECO "A00"]
[WhiteElo "1657"]
[BlackElo "2131"]
[Annotator "TA"]
[PlyCount "70"]
[EventDate "2022.04.10"]
[EventType "swiss"]
[EventCountry "POR"]
[SourceTitle "playchess.com"]
[Source "ChessBase"]
[SourceQuality "1"]
[TimeControl "5400+30"]

1. g3 d5 2. Bg2 Nf6 3. d3 c5 4. Nf3 Nc6 5. Bf4 g6 6. Na3 {[%emt 0:05:43] [#] A00: Irregular Openings.} Qb6 $146 (6... Bg7 $142) ({Predecessor:} 6... Bg7 7. O-O Nh5 8. Bc1 O-O 9. e4 Nf6 10. exd5 Nxd5 11. Re1 Bg4 12. c3 Qd7 {1-0 (48) Green,M (2103)-Walther,J (2223) ICCF email 2020}) 7. c4 $11 {[%emt 0:07:49] Black must now prevent Nb5.} Nh5 (7... Qxb2 $2 8. Nb5 $18) (7... a6 $11) 8. cxd5 $16 {[%emt 0:26:28] White is better.} Nxf4 9. gxf4 Na5 (9... Qxb2 $2 10. dxc6 Qxa3 11. Rb1 $16) (9... Nd4 $142) 10. Ne5 ({White should play} 10. Qd2) 10... Qb4+ 11. Qd2 Bh6 (11... Qxd2+ $142 12. Kxd2 Bh6) 12. e3 Bf5 {[%emt 0:07:27] [#]} (12... f6 $16 {might work better.}) 13. Qxb4 $1 $18 cxb4 14. Nb5 {[%emt 0:00:21] Threatens to win with Nc7+.} O-O 15. Nd4 Rfd8 16. Nxf5 gxf5 17. Ke2 Rac8 18. Rac1 {[%emt 0:03:21] Inhibits Rc2+.} b3 19. Nc4 Nxc4 20. dxc4 (20. Rxc4 $16 bxa2 21. Ra1) 20... bxa2 $14 21. Kd3 Bg7 22. Ra1 b5 23. cxb5 Rb8 24. Rxa2 Rxb5 25. Rxa7 {[%emt 0:02:55] Hoping for Rb1.} Rb3+ (25... Rxb2 $11 26. Rd1 (26. Rxe7 Rc8 $17) 26... Rxf2) 26. Ke2 Rxb2+ 27. Kf3 Bf6 {[%emt 0:08:26] And now ...Bh4 would win.} 28. Kg3 {[%emt 0:00:28] Against Bh4+} Kg7 29. Rd1 Kh6 (29... e5 $11 {keeps the balance.}) 30. d6 Rg8+ 31. Kf3 (31. Kh3 $1 $14 Rxf2 32. Bd5 (32. d7 {is a self mate.} Rgxg2 33. Ra6 Rg8)) 31... Bh4 $11 32. Rf1 Rd8 33. dxe7 {[%emt 0:01:08][%mdl 8192] [#]} (33. d7 $11) 33... Rdd2 $1 {[%emt 0:00:35] Black mates.} 34. Ra6+ Kh5 35. e4 Rd3# {[%emt 0:00:16] Never resign too early!  Weighted Error Value: White=0.45/Black=0.25 (precise)} 0-1

[Event "Portuguese-ch U14-20 2022"]
[Site "Fatima"]
[Date "2022.04.12"]
[Round "4.6"]
[White "Cunha, Alexandre Rodrigo Vi"]
[Black "Maciel, Rafael"]
[Result "1-0"]
[ECO "C50"]
[WhiteElo "1603"]
[BlackElo "1665"]
[Annotator "NA RC"]
[PlyCount "129"]
[EventDate "2022.04.10"]
[EventType "swiss"]
[EventCountry "POR"]
[SourceTitle "playchess.com"]
[Source "ChessBase"]
[SourceQuality "1"]
[TimeControl "5400+30"]

1. e4 e5 2. Nf3 Nc6 3. Bc4 Bc5 4. Nc3 Nf6 5. d3 h6 6. Be3 Bb6 7. O-O d6 8. d4 Bg4 9. Bb5 exd4 10. Bxd4 Bxd4 11. Qxd4 O-O 12. Bxc6 bxc6 13. Qd3 Rb8 14. b3 Bxf3 15. Qxf3 Re8 16. Rfe1 Rf8 17. Rf1 Re8 18. Rfe1 Qe7 19. h3 Qe5 20. Rad1 d5 21. exd5 Qxe1+ 22. Rxe1 Rxe1+ 23. Kh2 cxd5 24. Nxd5 Nxd5 25. Qxd5 Rf1 26. Qc5 Re8 27. Qxa7 Re2 28. Qxc7 Rfxf2 29. Qb7 Rxc2 30. a4 Ra2 31. Qa8+ Kh7 32. a5 Rfb2 33. Qe4+ Kg8 34. b4 g6 35. Qb7 Rb1 36. a6 Rba1 37. b5 Kg7 38. Qc7 Rxa6 39. bxa6 Rxa6 40. Qe5+ Rf6 41. g4 g5 42. Kg3 Kg6 43. h4 gxh4+ 44. Kxh4 Rf1 45. Qe4+ Kg7 46. Kh5 Rc1 47. Qe5+ Kh7 48. Qd5 Kg7 49. Qe5+ Kh7 50. Qe4+ Kg7 51. Qd5 Re1 52. Qd4+ Kh7 53. Qd3+ Kg8 54. Kxh6 Rh1+ 55. Kg5 Kg7 56. Qd4+ Kg8 57. Qd8+ Kg7 58. Qf6+ Kg8 59. Qf3 Rh2 60. Qf4 Rh1 61. Kf6 Rg1 62. Qg5+ Kf8 63. Qg7+ Ke8 64. Qxf7+ Kd8 65. Qd5+ 1-0

[Event "Portuguese-ch U14-20 2022"]
[Site "Fatima"]
[Date "2022.04.12"]
[Round "4.7"]
[White "Quinta, Diogo Manuel Rodrigu"]
[Black "Marques, Joao Goncalo B A"]
[Result "0-1"]
[ECO "D31"]
[WhiteElo "1127"]
[BlackElo "1418"]
[Annotator "NA RC"]
[PlyCount "82"]
[EventDate "2022.04.10"]
[EventType "swiss"]
[EventCountry "POR"]
[SourceTitle "playchess.com"]
[Source "ChessBase"]
[SourceQuality "1"]
[TimeControl "5400+30"]

1. d4 d5 2. c4 e6 3. Nc3 Be7 4. Nf3 Nf6 5. e3 O-O 6. Bd2 b6 7. Qc2 Bb7 8. cxd5 Nxd5 9. e4 Nxc3 10. bxc3 c5 11. Bd3 Nd7 12. O-O h6 13. Rfe1 Rc8 14. c4 cxd4 15. Nxd4 Ne5 16. Qc3 Nxd3 17. Qxd3 e5 18. Be3 exd4 19. Bxh6 gxh6 20. Qg3+ Kh8 21. f4 Rg8 22. Qh3 Qd6 23. e5 Qg6 24. g4 Qxg4+ 25. Qxg4 Rxg4+ 26. Kf1 Rxf4+ 27. Ke2 d3+ 28. Kxd3 Rfxc4 29. e6 f6 30. Rg1 Rc3+ 31. Kd2 Rc2+ 32. Kd1 Bf3+ 33. Ke1 Re2+ 34. Kd1 Rxa2+ 35. Ke1 Rxa1+ 36. Kf2 Bc5+ 37. Kxf3 Rxg1 38. h4 Be7 39. h5 Rc4 40. Ke2 Rg3 41. Kd2 Rh4 0-1